 Dungeon Crawl Stone Soup version 0.29-a0-878-g7b45a56547 (webtiles) character file.

Game seed: 4722480398412502314

44 Sabo the Digger (level 3, -2/36 HPs)
             Began as a Formicid Earth Elementalist on July 19, 2022.
             Slain by Terence
             ... wielding a +0 hand axe
              (3 damage)
             ... on level 2 of the Dungeon.
             The game lasted 00:07:48 (1196 turns).

Sabo the Digger (Formicid Earth Elementalist)       Turns: 1196, Time: 00:07:48

Health: -2/36      AC: 21    Str: 12    XL:     3   Next: 85%
Magic:  7/7        EV:  2    Int: 16    God:
Gold:   115        SH:  0    Dex: 14    Spells: 7/8 levels left

rFire   . . .      SeeInvis .   h - +0 dagger
rCold   . . .      Faith    .   (no shield)
rNeg    . . .      Spirit   .   (body armour currently unavailable)
rPois   +          Reflect  .   (helmet unavailable)
rElec   .          Harm     .   (cloak currently unavailable)
rCorr   .          Rampage  .   (gloves currently unavailable)
Will    .....                   (boots currently unavailable)
Stlth   ++........              (no amulet)
HPRegen 0.12/turn               (no ring)
MPRegen 0.10/turn               (no ring)

@: tree-form (expiring)
A: stationary, stasis, torment immunity, boosted hp, permanent stasis, dig
shafts and tunnels, (antennae 3), four strong arms
a: no special abilities


You were on level 2 of the Dungeon.
You were a tree.
You visited 1 branch of the dungeon, and saw 2 of its levels.

You collected 115 gold pieces.

Inventory:

Hand Weapons
 h - a +0 dagger (weapon)
Armour
 a - a +0 robe (melded)
Scrolls
 c - a scroll of identify
Potions
 b - a potion of magic
 d - a potion of berserk rage {unknown}
 e - 3 potions of attraction {unknown}
 f - a potion of heal wounds {unknown}
 g - a potion of curing {unknown}


   Skills:
 + Level 2.0 Dodging
 + Level 2.4 Stealth
 + Level 3.1 Spellcasting
 + Level 1.4 Transmutations
 + Level 4.2 Earth Magic


You had 7 spell levels left.
You knew the following spells:

 Your Spells              Type           Power      Damage    Failure   Level
a - Sandblast             Erth           32%        2d9       3%          1

Your spell library contained the following spells:

 Spells                   Type           Power      Damage    Failure   Level
 Passwall                 Tmut/Erth      9%         N/A       9%          2
 Stone Arrow              Conj/Erth      18%        3d8       22%         3
 Petrify                  Tmut/Erth      11%        N/A       50%         4


Dungeon Overview and Level Annotations

Branches:
Dungeon (2/15)

Altars:

Annotations:
D:2 Terence


Innate Abilities, Weirdness & Mutations

You are a tree.
Your roots penetrate the ground, keeping you stationary.
You cannot be teleported.
You are immune to unholy pain and torment.
Your maximum health is greatly increased.
Your equipment is partially melded.
You cannot be hasted, slowed, berserked, paralysed or teleported.
You can dig through walls and to a lower floor.
((You have a pair of large antennae on your head. (SInv)))
Your four strong arms can wield two-handed weapons with a shield.


Message History

The dart slug bites you but does no damage.
Terence hits you with a +0 hand axe.
* * * LOW HITPOINT WARNING * * *
You hit Terence but do no damage.
Terence is lightly wounded.
Terence hits you but does no damage.
You hit the dart slug.
The dart slug is moderately wounded.
The dart slug completely misses you. Terence hits you but does no damage.
You hit the dart slug.
The dart slug is severely wounded.
The dart slug bites you but does no damage.
Terence hits you but does no damage.
You hit the dart slug.
The dart slug is almost dead.
Terence hits you with a +0 hand axe.
* * * LOW HITPOINT WARNING * * *
You hit the dart slug but do no damage.
The dart slug is almost dead.
The dart slug launches a dart at you. The slug dart hits you.
* * * LOW HITPOINT WARNING * * *
Terence barely misses you.
You hit the dart slug.
You kill the dart slug!
Terence hits you but does no damage.
You barely miss Terence.
Terence is lightly wounded.
The goblin hits you with a +0 club.
* * * LOW HITPOINT WARNING * * *
Terence hits you but does no damage.
You hit Terence.
Terence is moderately wounded.
Your transformation is almost over.
Terence shouts, "Get ready for death!"
Terence barely misses you.
You hit Terence but do no damage.
Terence is moderately wounded.
The goblin hits you but does no damage. Terence hits you with a +0 hand axe.
You die...

##...>........#
#.....†.......#
######......#......#
.......######......#
########## ##......#
#.......# #.......#
##..###.###.#######
##†.##......####
##.##.......g♣#
#....#######g@#
####.##### ##.S..
###.....# #w.... #
#..^###.# :##..# #
#.### .. .. ######.#
.. . .......# ...
###....#


You could see Terence, a worm, an adder, a hobgoblin and a goblin.

Vanquished Creatures
  2 adders (D:2)
  2 dart slugs
  3 ball pythons (D:1)
  2 endoplasms (D:1)
  3 giant cockroaches (D:1)
  A hobgoblin (D:1)
  2 bats
  A frilled lizard (D:1)
  A goblin (D:2)
  A kobold (D:1)
  6 rats
24 creatures vanquished.

Notes
Turn   | Place    | Note
-------+----------+-------------------------------------------
     0 | D:1      | Sabo the Formicid Earth Elementalist began the quest for
                  | the Orb.
     0 | D:1      | Reached XP level 1. HP: 13/13 MP: 3/3
   207 | D:1      | Reached XP level 2. HP: 18/19 MP: 0/5
   788 | D:1      | Reached skill level 4 in Earth Magic
   941 | D:2      | Reached XP level 3. HP: 18/24 MP: 1/7
  1151 | D:2      | Noticed Terence
  1194 | D:2      | HP: 1/36 [goblin/+0 club (2)]
  1196 | D:2      | Slain by Terence

Illustrated notes

Levels and vault maps discovered:
D:1:      saegor_arrival_simple_c, layout_rooms, lemuel_old_faithful
D:2:      layout_rooms, serial_shops, shop, hangedman_decor_peaks_small,
          uniq_crazy_yiuf_cottage, uniq_terence

Skill      XL: |  1  2  3 |
---------------+----------+-----
Dodging        | 2 |  2.0
Earth Magic    | 4 |  4.2
Spellcasting   | 3 |  3.1
Stealth        | |  2.4
Transmutations | |  1.4

Action                   || total
-------------------------++-------
Melee: Unarmed           ||     1
       Dagger            ||    39
 Cast: Sandblast         ||    35
  Use: Scroll            ||     1
Armor: Robe              ||     2
       Skin              ||    43
Dodge: Dodged            ||    17

Table legend: (Time is in decaauts)
 A = Elapsed time spent in this place.
 B = Non-inter-level travel time spent in this place.
 C = Inter-level travel time spent in this place.
 D = Time resting spent in this place.
 E = Time spent auto-exploring this place.
 F = Levels seen in this place.
 G = Mean time per level.
                   A        B        C        D        E       F      G
               +--------+--------+--------+--------+--------+-----+--------+
         Total |   1231 |   1231 |      0 |    338 |      0 |   2 |  615.5 |
       Dungeon |   1231 |   1231 |      0 |    338 |      0 |   2 |  615.5 |
               +--------+--------+--------+--------+--------+-----+--------+

Top non-repeatable levels by time:
     D:1: 949 daAuts
     D:2: 281 daAuts
